 Dungeon Crawl Stone Soup version 0.18-a0-119-g02a7081 (webtiles) character file.

138 Proton the Skirmisher (level 5, 0/49 HPs)
             Began as a Naga Fighter on Nov 19, 2015.
             Slain by Proton's ghost (2 damage)
             ... on level 3 of the Dungeon.
             The game lasted 00:03:31 (2427 turns).

Proton the Skirmisher (Naga Fighter)                Turns: 2427, Time: 00:03:31

Health: 0/49       AC:  6    Str: 19    XL:     5   Next: 21%
Magic:  5/5        EV:  6    Int:  9    God:
Gold:   85         SH:  9    Dex: 10    Spells: 0 memorised, 4 levels left

rFire  . . .     SeeInvis +     a - +0 long sword
rCold  . . .     Clarity  .     b - +0 scale mail
rNeg   . . .     SustAt   .     c - +0 shield
rPois  +         Gourm    .     (no helmet)
rElec  .         Spirit   .     (no cloak)
rCorr  .         Warding  .     n - +0 pair of gloves
rMut   .         Stasis   .     (no barding)
MR     .....                    (no amulet)
Stlth  ..........               (no ring)
                                (no ring)

@: very slow, not resistant to hostile enchantments, extremely unstealthy
A: see invisible, deformed body, poison resistance, slowness 2, slow metabolism
1, spit poison 2, AC +1
a: Spit Poison


You were on level 3 of the Dungeon.
You were not hungry.

You visited 1 branch of the dungeon, and saw 3 of its levels.

You collected 85 gold pieces.

Inventory:

Hand Weapons
 a - a +0 long sword (weapon)
Armour
 b - a +0 scale mail (worn)
 c - a +0 shield (worn)
 n - a +0 pair of gloves (worn)
Scrolls
 e - a scroll of noise {unknown}
 f - 2 scrolls of teleportation {unknown}
 h - 3 scrolls of remove curse {unknown}
 i - 5 scrolls of identify {unknown}
 j - a scroll of amnesia {unknown}
 m - a scroll of blinking {unknown}
Potions
 d - a potion of might
 k - a potion of curing {unknown}
 l - a potion of ambrosia {unknown}
Comestibles
 g - a beef jerky


   Skills:
 + Level 3.5 Fighting
 + Level 2.5 Long Blades
 + Level 3.1 Armour
 + Level 1.7 Dodging
 + Level 3.1 Shields


You had 4 spell levels left.
You didn't know any spells.

Dungeon Overview and Level Annotations

Branches:
Dungeon (3/15)

Altars:

Annotations:
D:2 Terence
D:3 Proton's ghost, amateur OpAs


Innate Abilities, Weirdness & Mutations

You cannot wear boots.
Your serpentine skin is tough (AC +1).
You have supernaturally acute eyesight.
Armour fits poorly on your strangely shaped body.
Your system is resistant to poisons.
You cover ground very slowly.
You have a slow metabolism.
You can spit poison.


Message History

Proton's ghost hits you but does no damage.
You barely miss Proton's ghost.
Proton's ghost is heavily damaged.
Proton's ghost hits you.
* * * LOW HITPOINT WARNING * * *
Your shield and scale mail prevent you from hitting Proton's ghost.
Proton's ghost is heavily damaged.
Proton's ghost shrieks, "Very impressive.
But it won't help.
Nothing will."
Proton's ghost hits you but does no damage.
Proton's ghost ripples.
Proton's ghost hits you.
* * * LOW HITPOINT WARNING * * *
Your shield prevents you from hitting Proton's ghost.
Proton's ghost is heavily damaged.
Proton's ghost tries to blend into its surroundings.
Proton's ghost barely misses you.
You barely miss Proton's ghost.
Proton's ghost is heavily damaged.
Proton's ghost hits you.
You die...

................###.##
................# #)#
................# #.#
................# #.#
................ #.#
................###.#
######.....#
≈≈≈≈≈#†....#
≈≈.≈≈'.@W..#
≈≈≈≈≈#..##.#
######.###.# .......
#.# .....#. #.#
####### ..


You could see Proton's ghost.

Vanquished Creatures
  A worker ant (D:3)
  5 adders
  3 oozes (D:1)
  4 giant geckos
  4 bats
  3 giant cockroaches
  5 hobgoblins (D:1)
  5 jackals (D:1)
  4 kobolds
  2 quokkas (D:3)
  A ball python (D:1)
  2 giant newts (D:1)
  7 goblins
  6 rats
52 creatures vanquished.

Notes
Turn   | Place    | Note
--------------------------------------------------------------
     0 | D:1      | Proton the Naga Fighter began the quest for the Orb.
     0 | D:1      | Reached XP level 1. HP: 21/21 MP: 1/1
   132 | D:1      | Reached XP level 2. HP: 16/28 MP: 2/2
   433 | D:1      | Reached skill level 1 in Dodging
   696 | D:1      | Reached XP level 3. HP: 12/34 MP: 3/3
  1472 | D:2      | Reached XP level 4. HP: 12/42 MP: 4/4
  1852 | D:2      | Noticed Terence
  2380 | D:3      | Reached XP level 5. HP: 49/49 MP: 5/5
  2403 | D:3      | Noticed Proton's ghost (amateur OpAs)
  2425 | D:3      | HP: 2/49 [Proton's ghost (2)]
  2427 | D:3      | Slain by Proton's ghost

Vault maps used:
D:1:      minmay_arrival_stair_chambers
D:2:      first_bread, uniq_terence
D:3:      gup_sewer_entry_glass

Action                   |  1- 3 |  4- 6 || total
-------------------------+-------+-------++-------
Melee: Long sword        |   162 |   103 ||   265
 Abil: Spit Poison       |     1 |     7 ||     8
 Stab: Distracted        |     2 |       ||     2
  Eat: Fruit             |     1 |     2 ||     3
       Bread ration      |       |     1 ||     1
